PAA
OLYMPIA OGRES @ FT. POLK SOUTH THUNDER HAWKS
05/27/2042
 
TOP OF THE 1ST
Olympia Ogres batting - Pitching for Ft. Polk South Thunder Hawks : LHP Lucas van Halteren
Pitching: LHP Lucas van Halteren
Batting: LHB Jeffery Smith 0-0: Swinging Strike
0-1: Swinging Strike
0-2: Ball
1-2: Ball
2-2: Foul Ball, location: 2F
2-2: Foul Ball, location: 2F
2-2: Ball
3-2: Base on Balls
Batting: RHB Pepe Savinon 0-0: Called Strike
Jeffery Smith steals 2nd base
0-1: Fly out, F4 (Popup, 4MD, EV 68.1 MPH)
Batting: RHB Gyoo-jae Kil 0-0: Ground out 1-3 (Groundball, 23, EV 81.9 MPH)
Jeffery Smith to third
Batting: SHB Nathan Brannon 0-0: Ball
1-0: SINGLE (Line Drive, 34, EV 102.5 MPH)
Jeffery Smith scores
Batting: RHB Paul Stark 0-0: Ball
1-0: Ball
2-0: Foul Ball, location: 2F
2-1: Foul Ball, location: 2F
2-2: Ground out 4-3 (Groundball, 4M, EV 84.4 MPH)
Top of the 1st over - 1 run, 1 hit, 0 errors, 1 left on base; Olympia 1 - Ft. Polk South 0
BOTTOM OF THE 1ST
Ft. Polk South Thunder Hawks batting - Pitching for Olympia Ogres : LHP Isacco Taricco
Pitching: LHP Isacco Taricco
Batting: SHB Francisco Daulong 0-0: Foul Ball, location: 2F
0-1: DOUBLE (Line Drive, 78XD, EV 110.6 MPH)
Batting: LHB Gabriel Obregón 0-0: Ball
1-0: Called Strike
1-1: Called Strike
1-2: Ball
2-2: Ball
3-2: Ground out 6-3 (Groundball, 6, EV 105.0 MPH)
Batting: LHB Remco Mastenbroek 0-0: Called Strike
0-1: Called Strike
0-2: Ground out U3 (Groundball, 34, EV 101.9 MPH)
Francisco Daulong to third
Batting: LHB Jorge Agramunt 0-0: Ball
1-0: Foul Ball, location: 2F
1-1: SINGLE (Line Drive, 7LS, EV 108.1 MPH)
Francisco Daulong scores
Batting: RHB Aubrey Miller 0-0: Ball
1-0: Ball
2-0: Ball
3-0: Called Strike
3-1: Base on Balls
Jorge Agramunt to second
Batting: LHB Tim Carson 0-0: Ball
1-0: SINGLE (Groundball, 4, EV 98.1 MPH) (infield hit)
Jorge Agramunt to third
Aubrey Miller to second
Batting: RHB Dermott Mann 0-0: Foul Ball, location: 2F
0-1: Foul Ball, location: 2F
0-2: Strikes out swinging
Bottom of the 1st over - 1 run, 3 hits, 0 errors, 3 left on base; Olympia 1 - Ft. Polk South 1
TOP OF THE 2ND
Olympia Ogres batting - Pitching for Ft. Polk South Thunder Hawks : LHP Lucas van Halteren
Batting: LHB Aniq bin Mu'ayyad 0-0: Foul Ball, location: 2F
0-1: Called Strike
0-2: Ball
1-2: Ground out 6-3 (Groundball, 6, EV 82.5 MPH)
Batting: RHB Alfonso Pereyra 0-0: Ball
1-0: Swinging Strike
1-1: Ball
2-1: Ball
3-1: Swinging Strike
3-2: Base on Balls
Batting: LHB Sariyah Fateen 0-0: Called Strike
Alfonso Pereyra steals 2nd base
0-1: Ball
1-1: Ball
2-1: Swinging Strike
2-2: Foul Ball, location: 2F
2-2: Foul Ball, location: 2F
2-2: Ball
3-2: Foul Ball, location: 2F
3-2: Strikes out looking
Batting: RHB Donald Boyd 0-0: Ball
1-0: Ball
2-0: DOUBLE (Line Drive, 3D, EV 95.6 MPH)
Alfonso Pereyra scores
Batting: LHB Jeffery Smith 0-0: Called Strike
0-1: Ball
1-1: Swinging Strike
1-2: Ball
2-2: Ball
3-2: Foul Ball, location: 2F
3-2: Fly out, F9 (Flyball, 9, EV 87.5 MPH)
Top of the 2nd over - 1 run, 1 hit, 0 errors, 1 left on base; Olympia 2 - Ft. Polk South 1
BOTTOM OF THE 2ND
Ft. Polk South Thunder Hawks batting - Pitching for Olympia Ogres : LHP Isacco Taricco
Batting: RHB Tora Tora 0-0: Called Strike
0-1: Swinging Strike
0-2: SINGLE (Line Drive, 6M, EV 110.6 MPH)
Batting: RHB Raúl Colomo 0-0: Called Strike
0-1: Called Strike
0-2: Ball
1-2: Ball
2-2: Fielders Choice at 2nd, 4-6 (Groundball, 4, EV 89.4 MPH)
Batting: SHB Francisco Daulong 0-0: SINGLE (Line Drive, 9LS, EV 99.4 MPH)
Raúl Colomo to second
Batting: LHB Gabriel Obregón 0-0: Ball
1-0: Called Strike
1-1: Fly out, F8 (Flyball, 8RXD, EV 90.0 MPH)
Runner from 2nd tags up, SAFE at 3rd, no throw by CF
Batting: LHB Remco Mastenbroek 0-0: Called Strike
0-1: Ball
1-1: Ball
2-1: Foul Ball, location: 2F
2-2: Ball
3-2: Base on Balls
Francisco Daulong to second
Batting: LHB Jorge Agramunt 0-0: Ball
1-0: Ball
2-0: Called Strike
2-1: Called Strike
2-2: Foul Ball, location: 2F
2-2: Strikes out looking
Bottom of the 2nd over - 0 runs, 2 hits, 0 errors, 3 left on base; Olympia 2 - Ft. Polk South 1
TOP OF THE 3RD
Olympia Ogres batting - Pitching for Ft. Polk South Thunder Hawks : LHP Lucas van Halteren
Batting: RHB Pepe Savinon 0-0: Ball
1-0: Ground out 6-3 (Groundball, 6, EV 91.2 MPH)
Batting: RHB Gyoo-jae Kil 0-0: Ball
1-0: Ball
2-0: Ball
3-0: Base on Balls
Batting: SHB Nathan Brannon 0-0: Ball
1-0: Reached on error, E1 (Groundball, P, EV 92.5 MPH)
Gyoo-jae Kil to second
Batting: RHB Paul Stark 0-0: Ball
1-0: Ball
2-0: Called Strike
2-1: Called Strike
2-2: Ball
3-2: DOUBLE (Line Drive, 7LD, EV 112.5 MPH)
Gyoo-jae Kil scores
Nathan Brannon to third
Batting: LHB Aniq bin Mu'ayyad 0-0: Called Strike
0-1: Swinging Strike
0-2: SINGLE (Line Drive, 5D, EV 96.9 MPH)
Nathan Brannon scores
Paul Stark to third
Runner from 3rd tries for Home, SAFE, throw by LF to home
Batting: RHB Alfonso Pereyra 0-0: Fielders Choice at 2nd, 5-4 (Groundball, 5, EV 86.9 MPH)
Batting: LHB Sariyah Fateen 0-0: Ball
1-0: Called Strike
1-1: Called Strike
1-2: Foul Ball, location: 2F
1-2: Ball
Alfonso Pereyra is caught stealing 2nd base 2-6
Top of the 3rd over - 3 runs, 2 hits, 1 error, 0 left on base; Olympia 5 - Ft. Polk South 1
BOTTOM OF THE 3RD
Ft. Polk South Thunder Hawks batting - Pitching for Olympia Ogres : LHP Isacco Taricco
Batting: RHB Aubrey Miller 0-0: Called Strike
0-1: Ball
1-1: Ball
2-1: Ball
3-1: Base on Balls
Batting: LHB Tim Carson 0-0: Foul Ball, location: 2F
0-1: Ball
1-1: Fielders Choice at 2nd, U6 (Groundball, 4M, EV 83.8 MPH)
Batting: RHB Dermott Mann 0-0: Foul Ball, location: 2F
0-1: DOUBLE (Line Drive, 7LS, EV 98.1 MPH)
Tim Carson to third
Runner from 3rd tries for Home, SAFE, no throw by LF
Batting: RHB Tora Tora 0-0: Called Strike
0-1: Foul Ball, location: 2F
0-2: Fly out, F8 (Flyball, 8LM, EV 86.9 MPH)
Batting: RHB Raúl Colomo 0-0: Called Strike
0-1: Ball
1-1: Called Strike
1-2: Ball
2-2: Foul Ball, location: 2F
2-2: Ball
3-2: Base on Balls
Batting: SHB Francisco Daulong 0-0: Ball
1-0: Fly out, F9 (Line Drive, 9, EV 91.2 MPH)
Bottom of the 3rd over - 1 run, 1 hit, 0 errors, 2 left on base; Olympia 5 - Ft. Polk South 2
TOP OF THE 4TH
Olympia Ogres batting - Pitching for Ft. Polk South Thunder Hawks : LHP Lucas van Halteren
Batting: LHB Sariyah Fateen 0-0: Ball
1-0: Swinging Strike
1-1: Ball
2-1: Ground out U3 (Groundball, 3, EV 92.5 MPH)
Batting: RHB Donald Boyd 0-0: Called Strike
0-1: Ball
1-1: Ball
2-1: Ball
3-1: Base on Balls
Batting: LHB Jeffery Smith 0-0: Swinging Strike
0-1: Foul Ball, location: 2F
0-2: Ball
1-2: Grounds into double play, 5-4-3 (Groundball, 56S, EV 76.9 MPH)
Top of the 4th over - 0 runs, 0 hits, 0 errors, 0 left on base; Olympia 5 - Ft. Polk South 2
BOTTOM OF THE 4TH
Ft. Polk South Thunder Hawks batting - Pitching for Olympia Ogres : LHP Isacco Taricco
Batting: LHB Gabriel Obregón 0-0: Ball
1-0: Called Strike
1-1: Called Strike
1-2: Ball
2-2: Ground out 6-3 (Groundball, 6S, EV 85.6 MPH)
Batting: LHB Remco Mastenbroek 0-0: Called Strike
0-1: Ball
1-1: Ball
2-1: Swinging Strike
2-2: Fly out, F9 (Flyball, 9, EV 83.8 MPH)
Batting: LHB Jorge Agramunt 0-0: Ball
1-0: Foul Ball, location: 2F
1-1: Swinging Strike
1-2: Ball
2-2: Ground out 5-3 (Groundball, 5L, EV 98.1 MPH)
Bottom of the 4th over - 0 runs, 0 hits, 0 errors, 0 left on base; Olympia 5 - Ft. Polk South 2
TOP OF THE 5TH
Olympia Ogres batting - Pitching for Ft. Polk South Thunder Hawks : LHP Lucas van Halteren
Pitching: RHP Jeremy Bearimy
Batting: RHB Pepe Savinon 0-0: Ball
1-0: Called Strike
1-1: DOUBLE (Line Drive, 8LD, EV 89.4 MPH)
Batting: RHB Gyoo-jae Kil 0-0: Ground out 5-3 (Groundball, 56, EV 83.1 MPH)
Batting: SHB Nathan Brannon 0-0: Swinging Strike
0-1: Ball
1-1: Ball
2-1: Ground out 4-3 (Groundball, 4, EV 95.0 MPH)
Pepe Savinon to third
Batting: RHB Paul Stark 0-0: SINGLE (Groundball, 6D, EV 100.0 MPH)
Pepe Savinon scores
Batting: LHB Aniq bin Mu'ayyad 0-0: Ball
1-0: Ball
2-0: Fly out, F7 (Line Drive, 7, EV 86.2 MPH)
Top of the 5th over - 1 run, 2 hits, 0 errors, 1 left on base; Olympia 6 - Ft. Polk South 2
BOTTOM OF THE 5TH
Ft. Polk South Thunder Hawks batting - Pitching for Olympia Ogres : LHP Isacco Taricco
Batting: RHB Aubrey Miller 0-0: Ball
1-0: Foul Ball, location: 2F
1-1: Foul Ball, location: 2F
1-2: Fly out, F9 (Flyball, 9LS, EV 88.8 MPH)
Batting: LHB Tim Carson 0-0: Ball
1-0: Swinging Strike
1-1: Called Strike
1-2: Ball
2-2: Ball
3-2: Foul Ball, location: 2F
3-2: Strikes out swinging
Batting: RHB Dermott Mann 0-0: Called Strike
0-1: Ground out 6-3 (Groundball, 4MS, EV 85.0 MPH)
Bottom of the 5th over - 0 runs, 0 hits, 0 errors, 0 left on base; Olympia 6 - Ft. Polk South 2
TOP OF THE 6TH
Olympia Ogres batting - Pitching for Ft. Polk South Thunder Hawks : RHP Jeremy Bearimy
Batting: RHB Alfonso Pereyra 0-0: Swinging Strike
0-1: Ball
1-1: Called Strike
1-2: Ground out 5-3 (Groundball, 56S, EV 64.4 MPH)
Batting: LHB Sariyah Fateen 0-0: Ball
1-0: Ball
2-0: Foul Ball, location: 2F
2-1: Ball
3-1: Called Strike
3-2: Base on Balls
Batting: RHB Donald Boyd 0-0: Ball
1-0: Swinging Strike
1-1: Grounds into double play, 6-4-3 (Groundball, 6M, EV 88.8 MPH)
Top of the 6th over - 0 runs, 0 hits, 0 errors, 0 left on base; Olympia 6 - Ft. Polk South 2
BOTTOM OF THE 6TH
Ft. Polk South Thunder Hawks batting - Pitching for Olympia Ogres : LHP Isacco Taricco
Pitching: RHP Tex Owens
Batting: RHB Tora Tora 0-0: Called Strike
0-1: Fly out, F4 (Popup, 4, EV 62.5 MPH)
Batting: RHB Raúl Colomo 0-0: Ground out 4-3 (Groundball, 4, EV 90.0 MPH)
Batting: SHB Francisco Daulong 0-0: Ball
1-0: Fly out, F9 (Flyball, 89S, EV 92.5 MPH)
Bottom of the 6th over - 0 runs, 0 hits, 0 errors, 0 left on base; Olympia 6 - Ft. Polk South 2
TOP OF THE 7TH
Olympia Ogres batting - Pitching for Ft. Polk South Thunder Hawks : RHP Jeremy Bearimy
Batting: LHB Jeffery Smith 0-0: Ball
1-0: Foul Ball, location: 2F
1-1: Ball
2-1: Foul Ball, location: 2F
2-2: Ball
3-2: Ground out 4-3 (Groundball, 4, EV 101.2 MPH)
Batting: RHB Pepe Savinon 0-0: Foul Ball, location: 2F
0-1: Ball
1-1: DOUBLE (Line Drive, 89D, EV 107.5 MPH)
Batting: RHB Gyoo-jae Kil 0-0: Fly out, F9 (Flyball, 9LS, EV 88.1 MPH)
Batting: SHB Nathan Brannon 0-0: Called Strike
0-1: Called Strike
0-2: Ball
1-2: Foul Ball, location: 2F
1-2: Strikes out swinging
Top of the 7th over - 0 runs, 1 hit, 0 errors, 1 left on base; Olympia 6 - Ft. Polk South 2
BOTTOM OF THE 7TH
Ft. Polk South Thunder Hawks batting - Pitching for Olympia Ogres : RHP Tex Owens
Batting: LHB Gabriel Obregón 0-0: Foul Ball, location: 2F
0-1: Ground out U3 (Groundball, 3L, EV 88.1 MPH)
Batting: LHB Remco Mastenbroek 0-0: Ball
1-0: Ball
2-0: Foul Ball, location: 2F
2-1: Foul Ball, location: 2F
2-2: Strikes out swinging
Batting: LHB Jorge Agramunt 0-0: Called Strike
0-1: Ball
1-1: Ground out 6-3 (Groundball, 6, EV 86.9 MPH)
Bottom of the 7th over - 0 runs, 0 hits, 0 errors, 0 left on base; Olympia 6 - Ft. Polk South 2
TOP OF THE 8TH
Olympia Ogres batting - Pitching for Ft. Polk South Thunder Hawks : RHP Jeremy Bearimy
Batting: RHB Paul Stark 0-0: Called Strike
0-1: Ball
1-1: Ball
2-1: Foul Ball, location: 2F
2-2: Foul Ball, location: 2F
2-2: Strikes out swinging
Batting: LHB Aniq bin Mu'ayyad 0-0: Foul Ball, location: 2F
0-1: Ball
1-1: Ball
2-1: Foul Ball, location: 2F
2-2: Foul Ball, location: 2F
2-2: Ball
3-2: Fly out, F8 (Flyball, 8LM, EV 88.1 MPH)
Batting: RHB Alfonso Pereyra 0-0: Called Strike
0-1: Ball
1-1: Foul Ball, location: 2F
1-2: Ball
2-2: Ground out 1-3 (Groundball, 13, EV 84.4 MPH)
Top of the 8th over - 0 runs, 0 hits, 0 errors, 0 left on base; Olympia 6 - Ft. Polk South 2
BOTTOM OF THE 8TH
Ft. Polk South Thunder Hawks batting - Pitching for Olympia Ogres : RHP Tex Owens
Batting: RHB Aubrey Miller 0-0: Ball
1-0: Foul Ball, location: 2F
1-1: Swinging Strike
1-2: Foul Ball, location: 2F
1-2: Ground out 4-3 (Groundball, 4, EV 80.0 MPH)
Batting: LHB Tim Carson 0-0: Called Strike
0-1: Ball
1-1: Ball
2-1: Foul Ball, location: 2F
2-2: Foul Ball, location: 2F
2-2: Foul Ball, location: 2F
2-2: Foul Ball, location: 2F
2-2: Foul Ball, location: 2F
2-2: SINGLE (Groundball, 4S, EV 77.5 MPH) (infield hit)
Batting: RHB Dermott Mann 0-0: Ball
1-0: Foul Ball, location: 2F
1-1: Ball
2-1: Ball
3-1: Foul Ball, location: 2F
3-2: Foul Ball, location: 2F
3-2: Fly out, F7 (Flyball, 7S, EV 81.9 MPH)
Batting: RHB Tora Tora 0-0: Called Strike
0-1: Ball
1-1: Foul Ball, location: 2F
1-2: Hit by Pitch
Tim Carson to second
Batting: RHB Raúl Colomo 0-0: Ball
1-0: Called Strike
1-1: DOUBLE (Groundball, 3L, EV 100.6 MPH)
Tim Carson scores
Tora Tora to third
Batting: SHB Francisco Daulong 0-0: Foul Ball, location: 2F
0-1: Ball
1-1: Swinging Strike
1-2: Foul Ball, location: 2F
1-2: Ball
2-2: Ball
3-2: SINGLE (Groundball, 4D, EV 95.0 MPH)
Tora Tora scores
Raúl Colomo to third
Raúl Colomo scores
Pitching: LHP Virgil Gilbert
Pinch Hitting: SHB Tomás Gálvez 0-0: Called Strike
0-1: Ball
1-1: Ball
2-1: Swinging Strike
2-2: Ground out 4-3 (Groundball, 34S, EV 83.1 MPH)
Bottom of the 8th over - 3 runs, 3 hits, 0 errors, 1 left on base; Olympia 6 - Ft. Polk South 5
TOP OF THE 9TH
Olympia Ogres batting - Pitching for Ft. Polk South Thunder Hawks : RHP Jeremy Bearimy
Now in RF: Tomás Gálvez
Batting: LHB Sariyah Fateen 0-0: Ball
1-0: Called Strike
1-1: Ball
2-1: Foul Ball, location: 2F
2-2: Ball
3-2: Fly out, F7 (Flyball, 7S, EV 81.2 MPH)
Pitching: LHP António Morterero
Batting: RHB Donald Boyd 0-0: Ball
1-0: Ball
2-0: Ball
3-0: Called Strike
3-1: Foul Ball, location: 2F
3-2: Base on Balls
Batting: LHB Jeffery Smith 0-0: Ground out U3 (Groundball, 3S, EV 81.2 MPH)
Donald Boyd to second
Batting: RHB Pepe Savinon 0-0: Called Strike
0-1: Ball
1-1: Ball
2-1: Called Strike
2-2: Strikes out looking
Top of the 9th over - 0 runs, 0 hits, 0 errors, 1 left on base; Olympia 6 - Ft. Polk South 5
BOTTOM OF THE 9TH
Ft. Polk South Thunder Hawks batting - Pitching for Olympia Ogres : LHP Virgil Gilbert
Pitching: LHP Zach Brown
Now at 1B: Jorge Mejía
Batting: LHB Remco Mastenbroek 0-0: Called Strike
0-1: Foul Ball, location: 2F
0-2: Ball
1-2: Fly out, F6 (Popup, 6MS, EV 85.0 MPH)
Batting: LHB Jorge Agramunt 0-0: Called Strike
0-1: Foul Ball, location: 2F
0-2: Strikes out swinging
Batting: RHB Aubrey Miller 0-0: Ball
1-0: Ball
2-0: Fly out, F9 (Flyball, 9S, EV 83.1 MPH)
Bottom of the 9th over - 0 runs, 0 hits, 0 errors, 0 left on base; Olympia 6 - Ft. Polk South 5
Friday, March 26th, 2021 - OOTP Baseball 20.8 Build 74